 Dungeon Crawl Stone Soup version 0.27.0-1-g7a08968 (webtiles) character file.

Game seed: 12683569035837966018

142 NeededCrab the Caller (level 5, -3/47 (50) HPs)
             Began as an Ogre Summoner on Oct 10, 2021.
             Slain by a goblin (4 damage)
             ... led by Robin
             ... on level 3 of the Dungeon.
             The game lasted 00:13:13 (4441 turns).

NeededCrab the Caller (Ogre Summoner)               Turns: 4441, Time: 00:13:13

HP:   -3/47 (50)    AC:  4    Str: 11 (12) XL:     5   Next: 25%
MP:   6/10          EV:  9    Int: 14 (17) God:
Gold: 135           SH:  0    Dex:  6 (9)  Spells: 0/10 levels left

rFire    + . .     SeeInvis .   c - +0 scimitar
rCold    + . .     Faith    .   (no shield)
rNeg     . . .     Spirit   .   a - +0 robe
rPois    +         Reflect  .   (helmet restricted)
rElec    +         Harm     .   m - +0 cloak
rCorr    +         Rampage  .   (gloves unavailable)
Will     .....                  (boots unavailable)
Stlth    +.........             (no amulet)
HPRegen  0.15/turn              f - ring of poison resistance
MPRegen  0.12/turn              (no ring)

@: about to teleport, resistant, attractive, drained
A: large, unfitting armour, tough skin 1
a: no special abilities


You were on level 3 of the Dungeon.
You visited 1 branch of the dungeon, and saw 4 of its levels.

You collected 135 gold pieces.

Inventory:

Hand Weapons
 b - a +0 whip
 c - a +0 scimitar (weapon)
Armour
 a - a +0 robe (worn)
 m - a +0 cloak (worn)
Jewellery
 f - a ring of poison resistance (left hand)
Wands
 l - a wand of flame (24)
Scrolls
 d - a scroll of amnesia {unknown}
 j - a scroll of identify
Potions
 e - a potion of attraction
 g - a potion of cancellation
 i - 2 potions of degeneration
 k - a potion of resistance


   Skills:
 + Level 2.6 Fighting
 - Level 1.7 Dodging
 - Level 1.4 Stealth
 + Level 3.4 Spellcasting
 * Level 4.7 Summonings
 + Level 1.2 Air Magic


You couldn't memorise any spells.
You knew the following spells:

 Your Spells              Type           Power      Damage    Failure   Level
a - Summon Small Mammal   Summ           60%        N/A       3%          1
b - Call Imp              Summ           15%        N/A       4%          2
c - Call Canine Familiar  Summ           15%        N/A       9%          3
d - Summon Lightning Spi  Summ/Air       10%        N/A       52%         4

Your spell library contained the following spells:

 Spells                   Type           Power      Damage    Failure   Level
 Summon Guardian Golem    Hex/Summ       9%         N/A       24%         3


Dungeon Overview and Level Annotations

Branches:
Dungeon (4/15)
 Temple: D:4-7

Altars:
Dithmenos

Annotations:
D:4 Eustachio, Robin


Innate Abilities, Weirdness & Mutations

You are too large for most types of armour.
You have tough skin. (AC +1)


Message History

You climb upwards.
There is a stone staircase leading down here.
Casting: Call Canine Familiar (dangerous; 7% risk of failure)
Confirm with . or Enter, or press ? or * to list all spells.
Nothing appears to happen.
The goblin completely misses you. The goblin hits you with a +0 club.
* * * LOW HITPOINT WARNING * * *
Casting: Call Imp (safe; 3% risk of failure)
Confirm with . or Enter, or press ? or * to list all spells.
Nothing appears to happen.
The goblin hits you with a +0 club.
* * * LOW HITPOINT WARNING * * *
The goblin barely misses you.
It was a potion of degeneration.
There was something very wrong with that liquid.
You feel weakened.
You feel dopey.
You feel clumsy. The goblin barely misses you. x2
It was a potion of attraction.
You feel attractive to monsters. The goblin hits you with a +0 club.
* * * LOW HITPOINT WARNING * * *
The goblin hits you with a +0 club.
* * * LOW HITPOINT WARNING * * *
It was a potion of resistance.
You feel protected. The goblin hits you but does no damage.
The goblin hits you with a +0 club.
* * * LOW HITPOINT WARNING * * *
Unknown command.
As you read the scroll labelled OMYC FELAPO, it crumbles to dust.
It is a scroll of identify.
g - a potion of cancellation The goblin barely misses you. x2
Okay, then.
As you read the scroll labelled YSIZXOM GUHUXA, it crumbles to dust.
You feel strangely unstable.
It was a scroll of teleportation.
The goblin closely misses you. The goblin hits you but does no damage.
As you read the scroll labelled ROETWU TAMUOMO, it crumbles to dust.
You feel a surge of unholy energy.
The goblin convulses! x2
The hobgoblin convulses!
The goblin convulses!
It was a scroll of torment.
The goblin hits you but does no damage. The goblin hits you with a +0 club.
You die...

###### .....# .....#
######
.....####....###########
........+.....gg@ggg...#
.............#########.#
#.#####.#....# #.#
#.......#....### #.#
#.#...#.#..#...# #.#
#.#._.#.#..#...# #.#
#.#...#.#..#...#######.#
#.......#..............#
#.#####.#..#############


You could see a hobgoblin (strong) and 4 goblins.

Vanquished Creatures
  Natasha (D:3)
  An endoplasm (D:3)
  5 goblins
  4 jackals (D:1)
  A kobold (D:1)
  A quokka (D:1)
  A rat (D:1)
14 creatures vanquished.

Vanquished Creatures (collateral kills)
  Terence (D:2)
  Natasha (twice) (D:3)
  4 gnolls (D:3)
  2 adders (D:2)
  3 dart slugs (D:3)
  A worm (D:2)
  5 ball pythons
  2 bats
  4 endoplasms
  2 giant cockroaches (D:2)
  5 hobgoblins
  4 jackals (D:1)
  3 kobolds
  2 quokkas (D:1)
  A frilled lizard (D:1)
  7 goblins
  6 rats
54 creatures vanquished.

Vanquished Creatures (others)
  A fungus (D:1)
1 creature vanquished.

Grand Total: 69 creatures vanquished

Notes
Turn   | Place    | Note
-------+----------+-------------------------------------------
     0 | D:1      | NeededCrab the Ogre Summoner began the quest for the Orb.
     0 | D:1      | Reached XP level 1. HP: 16/16 MP: 3/3
   578 | D:1      | Reached XP level 2. HP: 26/26 MP: 1/5
   720 | D:1      | Learned a level 2 spell: Call Imp
   828 | D:1      | Reached skill level 1 in Fighting
  1186 | D:1      | Reached skill level 4 in Summonings
  1512 | D:1      | Found a faded altar of an unknown god.
  2026 | D:2      | Reached XP level 3. HP: 33/33 MP: 4/7
  2130 | D:2      | Learned a level 3 spell: Call Canine Familiar
  2960 | D:2      | Noticed Terence
  2994 | D:2      | Killed Terence
  3111 | D:2      | Reached XP level 4. HP: 41/42 MP: 3/8
  3786 | D:3      | Noticed Natasha
  3793 | D:3      | Killed Natasha
  3809 | D:3      | Noticed Natasha
  3817 | D:3      | Killed Natasha
  3818 | D:3      | Reached skill level 1 in Air Magic
  3818 | D:3      | Reached XP level 5. HP: 50/50 MP: 1/10
  3852 | D:3      | Noticed Natasha
  3857 | D:3      | Killed Natasha
  3963 | D:3      | Learned a level 4 spell: Summon Lightning Spire
  3963 | D:3      | Found a shadowy altar of Dithmenos.
  4360 | D:4      | Noticed Eustachio
  4401 | D:4      | Noticed Robin
  4438 | D:3      | HP: 1/47 [goblin[Robin] (4)]
  4441 | D:3      | Slain by a goblin

Illustrated notes

Levels and vault maps discovered:
D:1:      lightli_arrival_boilingwater, layout_loops_corners,
          shapermc_ecumenical_altar_petra, minmay_tromino_v4_b
D:2:      layout_loops_corners, st_stairs_6, chequers_serial_rivers_micro_b,
          uniq_terence
D:3:      layout_basic, mainiacjoe_overflow_cross_hatched, uniq_natasha
D:4:      layout_basic, corexii_hall_statues_s, uniq_robin, uniq_eustachio

Skill      XL: |  1  2  3  4 |
---------------+-------------+-----
Fighting       | 1 2 |  2.6
Summonings     | 4 |  4.7
Spellcasting   | 3 |  3.4
Air Magic      | 1 |  1.2
Dodging        | |  1.7
Stealth        | |  1.4

Action                   |  1- 3 |  4- 6 || total
-------------------------+-------+-------++-------
Melee: Scimitar          |    40 |     7 ||    47
       Unarmed           |     6 |       ||     6
 Cast: Summon Small Mamm |    21 |       ||    21
       Call Imp          |    43 |    22 ||    65
       Call Canine Famil |       |    10 ||    10
  Use: Scroll            |       |     3 ||     3
       Potion            |       |     3 ||     3
Armor: Robe              |    18 |    10 ||    28
Dodge: Dodged            |    30 |    14 ||    44
       Rpst.: Scimitar   |     6 |     4 ||    10
